 Dungeon Crawl Stone Soup version 0.27.1-34-g3ba077fa99 (webtiles) character file.

Game seed: 928591898074399843

6710 Violens the Blocker (level 10, -2/132 HPs)
             Began as a Minotaur Fighter on Jan 21, 2022.
             Was a Follower of Qazlal.
             Slain by a death yak (14 damage)
             ... on level 11 of the Dungeon.
             The game lasted 00:47:08 (7464 turns).

Violens the Blocker (Minotaur Fighter)              Turns: 7464, Time: 00:47:09

Health: -2/132     AC: 25    Str: 22    XL:     10   Next: 74%
Magic:  9/9        EV:  2    Int:  5    God:    Qazlal [*.....]
Gold:   389        SH: 14    Dex: 12    Spells: 9/9 levels left

rFire    + . .     SeeInvis .   b - +3 rapier (venom)
rCold    x . .     Faith    .   c - +1 kite shield
rNeg     + + +     Spirit   .   (armour currently unavailable)
rPois    +         Reflect  .   (helmet currently unavailable)
rElec    .         Harm     .   (cloak currently unavailable)
rCorr    +         Rampage  .   (gloves currently unavailable)
Will     .....     NoTele   +   (boots currently unavailable)
Stlth    ++........             (no amulet)
HPRegen  0.32/turn              f - ring of fire
MPRegen  0.11/turn              g - ring of resist corrosion

@: tree-form, studying Dodging
A: stationary, stasis, torment immunity, boosted hp, (horns 2), (retaliatory
headbutt)
a: Renounce Religion


You were on level 11 of the Dungeon.
You worshipped Qazlal.
Qazlal was aware of your devotion.
You were a tree.
You visited 2 branches of the dungeon, and saw 12 of its levels.

You collected 389 gold pieces.

Inventory:

Hand Weapons
 a - a +3 mace of holy wrath
 b - a +3 rapier of venom (weapon)
 u - a +0 whip of electrocution
 v - a +1 mace of protection
 w - a +3 halberd
 z - a +3 scimitar
 F - a +4 hand axe of venom
Missiles
 h - 19 boomerangs (quivered)
 i - 33 poisoned darts
Armour
 c - a +1 kite shield (worn)
 d - +0 swamp dragon scales (melded)
 e - a +0 pair of boots (melded)
 j - a +2 hat (melded)
 k - a +0 pair of gloves (melded)
 L - a +0 troll leather armour
Jewellery
 f - a ring of fire (left branch)
 g - a ring of resist corrosion (right branch)
 C - a ring of fire
 D - a ring of poison resistance
 E - a ring of fire
Wands
 l - a wand of mindburst (9)
 m - a wand of paralysis (20)
 n - a wand of iceblast (16)
 M - a wand of flame (8)
Scrolls
 q - 3 scrolls of amnesia
 r - a scroll of fear
 A - 2 scrolls of torment {unknown}
 B - a scroll of teleportation
 G - a scroll of summoning {unknown}
 H - a scroll of acquirement {unknown}
 I - a scroll of noise {unknown}
 J - a scroll of immolation {unknown}
Potions
 o - a potion of lignification
 p - a potion of magic {unknown}
 s - a potion of invisibility {unknown}
 t - 2 potions of flight {unknown}
 x - 4 potions of might
 y - 2 potions of curing
 K - a potion of berserk rage {unknown}


   Skills:
 + Level 7.6 Fighting
 + Level 9.4 Short Blades
 + Level 4.0(5.4) Axes
 + Level 5.6(6.2) Maces & Flails
 + Level 2.2 Throwing
 + Level 8.9 Armour
 + Level 6.9 Dodging
 + Level 2.2 Stealth
 + Level 9.4 Shields


You had 9 spell levels left.
You didn't know any spells.
Your spell library contained the following spells:

 Spells                   Type           Power      Damage    Failure   Level
 Sandblast                Erth           0%         2d4       73%         1
 Passwall                 Tmut/Erth      0%         N/A       86%         2
 Slow                     Hex            0%         N/A       86%         2
 Confusing Touch          Hex            0%         N/A       97%         3
 Conjure Flame            Conj/Fire      0%         6-21      97%         3
 Ignite Poison            Fire/Tmut/Pois 0%         N/A       97%         3
 Sticky Flame             Conj/Fire      0%         2d3       100%        4
 Lee's Rapid Deconstruct  Erth           0%         3d5*      100%        5
 Yara's Violent Unravell  Hex/Tmut       0%         3d3       100%        5


Dungeon Overview and Level Annotations

Branches:
Dungeon (11/15)            Temple (1/1) D:7            Lair (0/6) D:11
    Orc: D:9-12

Altars:
Ashenzari
Cheibriados
Dithmenos
Elyvilon
Fedhas
Gozag
Hepliaklqana
Kikubaaqudgha
Makhleb
Nemelex Xobeh
Okawaru
Qazlal
Ru
Sif Muna
Vehumet
Wu Jian
Xom
Yredelemnul
The Shining One

Shops:
D:3 !   D:8 (

Annotations:
D:4 1 runed translucent door, cbfl8's ghost, amateur MiDe


Innate Abilities, Weirdness & Mutations

You are a tree.
Your roots penetrate the ground, keeping you stationary.
You cannot be teleported.
You are immune to unholy pain and torment.
Your maximum health is greatly increased.
Your equipment is partially melded.
((You have a pair of horns on your head.))
((You reflexively headbutt those who attack you in melee.))


Message History

The death yak looks as sick as possible!
The death yak is heavily wounded.
The death yak gores you but does no damage.
You barely miss the death yak.
You headbutt the death yak, but do no damage.
The death yak is heavily wounded.
The death yak gores you!
* * * LOW HITPOINT WARNING * * *
You hit the death yak but do no damage.
The death yak looks as sick as possible!
The death yak is heavily wounded.
The death yak barely misses you.
You puncture the death yak!
The death yak looks as sick as possible!
You headbutt the death yak.
The death yak is severely wounded.
The death yak barely misses you. You furiously retaliate!
You headbutt the death yak, but do no damage.
You puncture the death yak!
The death yak looks as sick as possible!
The death yak is severely wounded.
You hit the death yak but do no damage.
The death yak looks as sick as possible!
You headbutt the death yak, but do no damage.
The death yak is severely wounded.
The death yak gores you.
* * * LOW HITPOINT WARNING * * *
You hit the death yak.
The death yak looks as sick as possible!
You headbutt the death yak, but do no damage.
The death yak is almost dead.
The death yak gores you!
* * * LOW HITPOINT WARNING * * *
It was a potion of lignification.
You turn into a tree.
Your +2 hat melds into your body.
Your +0 pair of gloves melds into your body.
Your +0 pair of boots melds into your body.
Your +0 swamp dragon scales melds into your body.
Your roots penetrate the ground.
The death yak gores you!
You die...

#.#..##.#####...# .....
.....#......r.#...<.?..
.....#.......##........
.##......r#### .....
#........## #......
....#..### .. .... #..
#.rr.# .# ##..
#....#Y##..#
#..(.#.♣...#
#....###......# ##..#
##.....# #.. .......
... ....... ##.#
.####.. ## #


You could see a death yak (extremely poisoned), a hell rat and a quokka.

Vanquished Creatures
  A death yak (D:11)
  Pikel (D:6)
  Joseph (D:8)
  2 kobold demonologists (D:6)
  Maggie (D:6)
  A troll (D:10)
  Prince Ribbit (D:8)
  Grinder (D:5)
  2 wyverns
  2 vampire mosquitoes (D:7)
  An acid dragon (D:10)
  Duvessa (D:5)
  3 black bears
  2 sky beasts
  An ice beast (D:5)
  A necrophage (D:5)
  An ogre (D:4)
  6 centaurs
  A phantom (D:5)
  3 kobold brigands
  3 bullfrogs (D:8)
  A wyvern zombie (D:7)
  Dowan (D:5)
  A scorpion (D:6)
  A killer bee (D:10)
  A water moccasin skeleton (D:4)
  5 wights (D:6)
  2 howler monkeys (D:10)
  2 centaur zombies
  A bullfrog zombie (D:5)
  A hound (D:5)
  A centaur skeleton (D:4)
  2 orc priests
  2 iguanas
  2 orc wizards (D:8)
  Ijyb (D:4)
  A hound skeleton (D:4)
  A hound zombie (D:5)
  2 howler monkey skeletons
  A howler monkey zombie (D:8)
  8 adders
  A shadow imp (D:7)
  An adder skeleton (D:4)
  2 worms
  4 dart slugs
  15 orcs
  8 endoplasms
  A giant cockroach (D:4)
  3 hobgoblins
  4 jackals (D:2)
  11 kobolds
  4 quokkas
  7 ball pythons
  5 bats
  3 frilled lizards
  4 goblins
  2 rats
  A rat zombie (D:5)
149 creatures vanquished.

Vanquished Creatures (others)
  A black bear (D:4)
  A hound (D:4)
  A jelly (D:4)
  A gnoll (D:4)
  An adder (D:4)
  A dart slug (D:4)
  An endoplasm (D:4)
  A goblin (D:4)
  3 ball pythons (D:4)
  A plant (D:1)
12 creatures vanquished.

Grand Total: 161 creatures vanquished

Notes
Turn   | Place    | Note
-------+----------+-------------------------------------------
     0 | D:1      | Violens the Minotaur Fighter began the quest for the Orb.
     0 | D:1      | Reached XP level 1. HP: 19/19 MP: 0/0
   221 | D:1      | Found a faded altar of an unknown god.
   359 | D:1      | Reached XP level 2. HP: 25/27 MP: 1/1
   765 | D:2      | Reached XP level 3. HP: 21/33 MP: 2/2
  1553 | D:3      | Reached XP level 4. HP: 40/40 MP: 3/3
  1588 | D:3      | You fall into a shaft and drop 3 floors!
  1617 | D:6      | Noticed a scorpion
  1623 | D:6      | Killed a scorpion
  1791 | D:5      | Entered Level 5 of the Dungeon
  1884 | D:5      | Reached skill level 1 in Dodging
  1884 | D:5      | Reached XP level 5. HP: 36/46 MP: 4/4
  1893 | D:5      | Reached skill level 1 in Short Blades
  1921 | D:4      | Killed a black bear
  1999 | D:3      | Reached skill level 5 in Shields
  2100 | D:3      | Found an ornate altar of the Wu Jian Council.
  2278 | D:3      | Found Joniol's Distillery.
  2454 | D:4      | Reached skill level 5 in Armour
  2454 | D:4      | Reached XP level 6. HP: 49/53 MP: 5/5
  2467 | D:4      | Noticed Ijyb
  2475 | D:4      | Killed Ijyb
  2665 | D:4      | Noticed a sky beast
  2678 | D:4      | Killed a sky beast
  2679 | D:4      | Reached skill level 1 in Maces & Flails
  2679 | D:4      | Reached XP level 7. HP: 56/60 MP: 6/6
  2949 | D:4      | Found a shimmering altar of Xom.
  2997 | D:4      | Found a runed translucent door.
  2997 | D:4      | Noticed cbfl8's ghost (amateur MiDe)
  3599 | D:5      | Noticed Grinder
  3611 | D:5      | Paralysed by Grinder for 5 turns
  3630 | D:5      | Killed Grinder
  3631 | D:5      | Reached skill level 5 in Fighting
  3631 | D:5      | Reached skill level 5 in Short Blades
  3631 | D:5      | Reached XP level 8. HP: 64/68 MP: 7/7
  4109 | D:5      | Noticed Duvessa
  4109 | D:5      | Noticed Dowan
  4118 | D:5      | Killed Duvessa
  4119 | D:5      | Reached skill level 1 in Stealth
  4125 | D:5      | Killed Dowan
  4293 | D:5      | Found an ancient bone altar of Kikubaaqudgha.
  4352 | D:6      | Noticed Maggie
  4377 | D:6      | Killed Maggie
  4378 | D:6      | Reached skill level 1 in Throwing
  4571 | D:6      | Reached XP level 9. HP: 65/75 MP: 8/8
  4715 | D:6      | Noticed a kobold demonologist
  4716 | D:6      | Noticed a kobold demonologist
  4728 | D:6      | Noticed a red devil
  4730 | D:6      | Noticed a sixfirhy
  4732 | D:6      | Killed a kobold demonologist
  4733 | D:6      | Reached skill level 5 in Dodging
  4734 | D:6      | Noticed an orange demon
  4740 | D:6      | Killed a kobold demonologist
  5144 | D:6      | Noticed Pikel
  5162 | D:6      | Killed Pikel
  5992 | D:7      | Found a staircase to the Ecumenical Temple.
  5998 | Temple   | Entered the Ecumenical Temple
  6097 | Temple   | Became a worshipper of Qazlal Stormbringer
  6214 | D:8      | Reached skill level 5 in Maces & Flails
  6288 | D:8      | Found Hefopt's Antique Weapon Shoppe.
  6299 | D:8      | Reached XP level 10. HP: 84/84 MP: 9/9
  6344 | D:8      | Noticed Joseph
  6366 | D:8      | Noticed Prince Ribbit
  6373 | D:8      | Killed Joseph
  6380 | D:8      | Killed Prince Ribbit
  6646 | D:8      | Found a radiant altar of Vehumet.
  6987 | D:9      | Reached * piety under Qazlal
  7087 | D:10     | Entered Level 10 of the Dungeon
  7420 | D:11     | Noticed a death yak
  7420 | D:11     | Noticed a death yak
  7422 | D:11     | Found a staircase to the Lair.
  7422 | D:11     | Noticed a death yak
  7448 | D:11     | Killed a death yak
  7464 | D:11     | Slain by a death yak

Illustrated notes

Levels and vault maps discovered:
D:1:      kilobyte_arrival_exit_the_forest, layout_basic,
          shapermc_ecumenical_altar_ellora
D:2:      layout_loops_ring
D:3:      layout_rooms, old_standard_altar, serial_shops, shop_statue,
          palyth_stone_intersect, hex_large, roderic_roman_lattice,
          minmay_liquid_box, hex_medium, uniq_crazy_yiuf_cottage
D:4:      layout_rooms, xom_confusion_cloud, ebering_ghost_sewer_d, uniq_ijyb
D:5:      layout_gridville, lemuel_zombie_altar_kikubaaqudgha,
          minmay_manual_mares, uniq_duvessa, uniq_grinder
D:6:      layout_loops_ring, uniq_maggie, uniq_pikel
D:7:      kennysheep_seaside_town, layout_basic,
          minmay_temple_entry_proselytizer, enter_bailey_3,
          corexii_item_surrounded_by_moat
D:8:      layout_rooms, vehumet_crystals, serial_corexii_hall,
          corexii_hall_statues_s, corexii_hall_statues_x,
          kennysheep_small_square, uniq_joseph, uniq_prince_ribbit1
D:9:      layout_basic, zin_statuary, nicolae_uskayaw_murder_on_the_dancefloor,
          serial_shops, nicolae_shop_window_shopping
D:10:     layout_rooms, mainiacjoe_overflow_tiny_flanked, uniq_josephine,
          uniq_sonja
D:11:     layout_cave_pools, dpeg_lair_monsters, serial_shops, shop, uniq_erica,
          uniq_grum
Temple:   regret_index_temple_waves

Skill      XL: |  1  2  3  4  5  6  7  8  9 10 |
---------------+-------------------------------+-----
Fighting       | 4 5 6 7 |  7.6
Axes           | 3 4 |  4.0
Armour         | 4 5 6 7 8 |  8.9
Shields        | 4 5 6 8 9 |  9.4
Dodging        | 1 4 5 6 |  6.9
Short Blades   | 1 3 5 6 8 9 |  9.4
Maces & Flails | 1 3 4 5 |  5.6
Stealth        | 1 2 |  2.2
Throwing       | 1 2 |  2.2

Action                   |  1- 3 |  4- 6 |  7- 9 | 10-12 || total
-------------------------+-------+-------+-------+-------++-------
Melee: War axe           |    57 |       |       |       ||    57
       Headbutt          |     9 |    12 |    42 |    36 ||    99
       Rapier            |    18 |    76 |   129 |   118 ||   341
       Mace              |       |     7 |    59 |     7 ||    73
Throw: Boomerang         |       |       |    11 |     7 ||    18
  Use: Scroll            |     2 |     1 |     9 |       ||    12
       Potion            |       |       |       |     1 ||     1
Armor: Scale mail        |    45 |    50 |    41 |       ||   136
       Swamp dragon scal |       |       |    20 |    35 ||    55
Dodge: Dodged            |    27 |    25 |    66 |    49 ||   167
Block: Kite shield       |    47 |    42 |   118 |    67 ||   274
